 Dungeon Crawl Stone Soup version 0.27.1-1-g398f81649c (webtiles) character file.

Game seed: 3849101665830665167

140 loralnil the Insei (level 4, -1/35 HPs)
             Began as a Demigod Transmuter on Sept 14, 2021.
             Slain by Natasha (8 damage)
             ... on level 3 of the Dungeon.
             The game lasted 00:04:11 (3442 turns).

loralnil the Insei (Demigod Transmuter)             Turns: 3442, Time: 00:04:12

Health: -1/35      AC:  2    Str: 11    XL:     4   Next: 71%
Magic:  10/11      EV: 12    Int: 21    God:
Gold:   96         SH:  0    Dex: 18    Spells: 2/8 levels left

rFire    . . .     SeeInvis .     - Unarmed
rCold    . . .     Faith    .   (no shield)
rNeg     . . .     Spirit   .   a - +0 robe
rPois    .         Reflect  .   (helmet currently unavailable)
rElec    .         Harm     .   (no cloak)
rCorr    .         Rampage  .   (no gloves)
Will     .....                  (boots currently unavailable)
Stlth    ++........             (no amulet)
HPRegen  0.11/turn              f - +6 ring of intelligence
MPRegen  0.12/turn              (no ring)

@: appendages, slowed, very slow
A: horns 2, talons 2, high mp 1, forlorn
a: End Transformation


You were on level 3 of the Dungeon.
You had temporarily grown beastly horns and talons.
You visited 1 branch of the dungeon, and saw 3 of its levels.

You collected 96 gold pieces.

Inventory:

Armour
 a - a +0 robe (worn)
 i - a +0 buckler
Jewellery
 f - a +6 ring of intelligence (left hand)
 h - a ring of ice
Scrolls
 c - a scroll of magic mapping {unknown}
 g - a scroll of noise {unknown}
 l - a scroll of blinking {unknown}
 m - a scroll of enchant armour {unknown}
Potions
 b - a potion of invisibility {unknown}
 e - a potion of attraction {unknown}
 j - 2 potions of curing
 k - 2 potions of flight


   Skills:
 - Level 1.0 Fighting
 - Level 2.0 Dodging
 + Level 3.6 Unarmed Combat
 + Level 2.8 Spellcasting
 + Level 3.0 Transmutations


You had 2 spell levels left.
You knew the following spells:

 Your Spells              Type           Power      Damage    Failure   Level
a - Beastly Appendage     Tmut           30%        N/A       3%          1
b - Wereblood             Tmut           15%        N/A       6%          2
c - Spider Form           Tmut/Pois      4%         N/A       22%         3

Your spell library contained the following spells:

 Spells                   Type           Power      Damage    Failure   Level
 Slow                     Hex            2%         N/A       21%         2
 Confusing Touch          Hex            2%         N/A       38%         3
 Gell's Gravitas          Tloc           1%         N/A       38%         3
 Lesser Beckoning         Tloc           1%         N/A       38%         3
 Teleport Other           Tloc           2%         N/A       38%         3
 Vampiric Draining        Necr           1%         2d6       38%         3
 Ice Form                 Ice/Tmut       9%         N/A       58%         4


Dungeon Overview and Level Annotations

Branches:
Dungeon (3/15)

Annotations:
D:3 1 runed translucent door, Crazy Yiuf, Natasha


Innate Abilities, Weirdness & Mutations

You have temporarily grown beastly horns and talons.
Your attributes grow dramatically as you level up.
You have an increased reservoir of magic. (+10% MP)
You shall have no god before yourself.


Message History

You closely miss Natasha. You claw Natasha. Your headbutt misses Natasha.
Natasha is heavily wounded.
Your horns disappear.
Your talons disappear.
The white imp disappears for a moment.
Natasha claws you.
You closely miss Natasha.
Natasha is heavily wounded.
Natasha barely misses you.
You hit Natasha.
Natasha is severely wounded.
Natasha barely misses you.
You barely miss Natasha.
Natasha is severely wounded.
Natasha closely misses you.
Casting: Beastly Appendage (safe; 3% risk of failure)
Confirm with . or Enter, or press ? or * to list all spells.
You grow a pair of large bovine horns.
Your feet morph into talons.
Natasha closely misses you.
You hit Natasha. Your kick misses Natasha.
Natasha is severely wounded.
Natasha howls an incantation.
You feel troubled. Natasha barely misses you.
You closely miss Natasha. You claw Natasha.
Natasha is severely wounded.
You hit Natasha but do no damage. Your kick misses Natasha.
Natasha is severely wounded.
Natasha stares at you and mumbles some strange words.
You feel yourself slow down.
You hit Natasha. You claw Natasha, but do no damage.
Natasha is almost dead.
Natasha claws you.
Natasha howls an incantation.
You feel troubled. Natasha claws you!
* * * LOW HITPOINT WARNING * * *
You barely miss Natasha. Your kick misses Natasha.
Natasha is almost dead.
Natasha claws you!
You die...

#.#
#.########.#
...........#
#######.####
#.# # #.#
##.######.# .
#.........#
.....##@##..#
..h..##h##..#
#S..5....#
............#
..##....##.##
#.........
#.#####.###
... #.# .##.
#.#


You could see Natasha and a white imp (summoned).

Vanquished Creatures
  Natasha (D:3)
  4 gnolls (D:2)
  2 adders
  A worm (D:2)
  A dart slug (D:3)
  10 bats
  5 endoplasms
  3 giant cockroaches
  6 goblins
  3 hobgoblins
  7 jackals
  A quokka (D:1)
  4 ball pythons
  A frilled lizard (D:1)
  2 kobolds
  4 rats
55 creatures vanquished.

Notes
Turn   | Place    | Note
-------+----------+-------------------------------------------
     0 | D:1      | loralnil the Demigod Transmuter began the quest for the
                  | Orb.
     0 | D:1      | Reached XP level 1. HP: 15/15 MP: 5/5
    33 | D:1      | Reached skill level 1 in Fighting
   580 | D:1      | Reached XP level 2. HP: 23/23 MP: 5/7
   922 | D:1      | Learned a level 2 spell: Wereblood
  1379 | D:1      | Reached XP level 3. HP: 25/28 MP: 6/8
  1764 | D:2      | HP: 1/28 [gnoll (4)]
  2063 | D:1      | Learned a level 3 spell: Spider Form
  2378 | D:2      | Reached XP level 4. HP: 35/35 MP: 8/10
  2882 | D:3      | Noticed Natasha
  2889 | D:3      | Killed Natasha
  3326 | D:3      | Found a runed translucent door.
  3327 | D:3      | Noticed Crazy Yiuf
  3416 | D:3      | Noticed Natasha
  3442 | D:3      | Slain by Natasha

Illustrated notes

Levels and vault maps discovered:
D:1:      scummos_arrival_star, layout_rooms,
          hellmonk_ecumenical_altar_arch_garden, chequers_serial_rivers_large_a,
          patterned_corridor
D:2:      layout_loops_cross, bh_walls_and_bars
D:3:      layout_basic, uniq_natasha, uniq_crazy_yiuf_cottage

Skill      XL: |  1  2  3  4 |
---------------+-------------+-----
Fighting       | 1 |  1.0
Transmutations | 2 3 |  3.0
Dodging        | 2 |  2.0
Spellcasting   | 2 |  2.8
Unarmed Combat | 3 |  3.6

Action                   |  1- 3 |  4- 6 || total
-------------------------+-------+-------++-------
Melee: Unarmed           |    98 |    49 ||   147
       Kick              |    15 |    14 ||    29
       Headbutt          |    14 |     5 ||    19
       Punch             |     2 |     1 ||     3
 Cast: Beastly Appendage |    19 |     9 ||    28
       Spider Form       |     1 |       ||     1
  Use: Scroll            |       |     3 ||     3
Armor: Robe              |    19 |     5 ||    24
Dodge: Dodged            |    77 |    36 ||   113
